 Dungeon Crawl Stone Soup version 0.20.1-1-g8b1a95d (webtiles) character file.

15586 gobwax the Arsonist (level 12, -5/66 HPs)
             Began as an Octopode Fire Elementalist on Aug 25, 2017.
             Was an Elder of Vehumet.
             Slain by an entropy weaver (13 damage)
             ... on level 13 of the Dungeon.
             The game lasted 00:56:32 (14367 turns).

gobwax the Arsonist (Octopode Fire Elementalist)   Turns: 14367, Time: 00:56:33

Health: -5/66      AC: -3    Str:  7    XL:     12   Next: 28%
Magic:  32/36      EV: 13    Int: 22    God:    Vehumet [****..]
Gold:   462        SH:  0    Dex: 13    Spells: 4/33 levels left

rFire    + + .     SeeInvis .   E - staff of wizardry
rCold    x x .     Gourm    .   (no shield)
rNeg     + . .     Faith    .   (helmet restricted)
rPois    +         Spirit   .   K - amulet of magic regeneration
rElec    .         Reflect  .   i - ring of fire
rCorr    .         Harm     .   o - ring of fire
MR       .....                  n - ring of positive energy
Stlth    ++++......             c - ring of stealth
Regen    0.3/turn               q - ring of flight
MPRegen  0.4/turn               N - ring of magical power
                                M - ring of poison resistance
                                (no ring)

@: corroded
A: almost no armour, stealthy swim, amphibious, 8 rings, constrict 8, camouflage
1, gelatinous body 1
a: Renounce Religion, Evoke Flight


You were on level 13 of the Dungeon.
You worshipped Vehumet.
Vehumet was greatly pleased with you.
You were not hungry.

You visited 2 branches of the dungeon, and saw 14 of its levels.

You collected 1012 gold pieces.
You spent 550 gold pieces at shops.

Inventory:

Hand Weapons
 e - a +1 quarterstaff of flaming
 x - a -3 halberd
 A - a +4 long sword
 B - a +2 short sword of freezing
 C - a +2 long sword
Magical Staves
 E - an uncursed staff of wizardry (weapon)
 J - an uncursed staff of air
Jewellery
 c - a ring of stealth (on tentacle)
 i - a ring of fire (left tentacle)
 n - a ring of positive energy (on tentacle)
 o - a ring of fire (right tentacle)
 q - a ring of flight (on tentacle)
 K - an amulet of magic regeneration (around mantle)
 M - a ring of poison resistance (on tentacle)
 N - a ring of magical power (on tentacle)
 X - an uncursed amulet of regeneration
Wands
 t - a wand of paralysis (14/24)
 u - a wand of confusion (30/48)
 w - a wand of iceblast (12/15)
 y - a wand of flame (21/48)
 F - a wand of flame (27/48)
 G - a wand of scattershot (2/9)
Scrolls
 d - 4 scrolls of noise
 g - 2 scrolls of recharging
 h - 4 scrolls of identify
 j - 4 scrolls of remove curse
 l - 4 scrolls of teleportation
 D - 2 scrolls of fog
 L - 2 scrolls of amnesia
 O - 2 scrolls of enchant weapon
 P - 2 scrolls of immolation
Potions
 k - a potion of brilliance
 p - a potion of invisibility
 r - a potion of might
 s - a potion of degeneration
 v - 2 potions of haste
 I - a potion of flight
 Q - a potion of mutation
 R - a potion of resistance
 T - 2 potions of agility
 V - a potion of curing
Books
 a - a book of Flames

   Spells                             Type                      Level
   a - Flame Tongue                   Conjuration/Fire             1
   b - Throw Flame                    Conjuration/Fire             2
   c - Conjure Flame                  Conjuration/Fire             3
   d - Inner Flame                    Hexes/Fire                   3
   e - Sticky Flame                   Conjuration/Fire             4
   f - Fireball                       Conjuration/Fire             5
 z - Sif Muna's Tome of Flight
   (You found it on level 6 of the Dungeon)

   Spells                             Type                      Level
   a - Shock                          Conjuration/Air              1
 H - a book of Misfortune

   Spells                             Type                      Level
   a - Confusing Touch                Hexes                        1
   b - Confuse                        Hexes                        3
   c - Gell's Gravitas                Translocation                3
   d - Petrify                        Transmutation/Earth          4
   e - Metabolic Englaciation         Hexes/Ice                    5
   f - Yara's Violent Unravelling     Hexes/Transmutation          5
 S - a book of Beasts

   Spells                             Type                      Level
   a - Summon Butterflies             Summoning                    1
   b - Call Canine Familiar           Summoning                    3
   c - Summon Ice Beast               Ice/Summoning                4
   d - Summon Mana Viper              Hexes/Summoning              5
   e - Summon Hydra                   Summoning                    7
 U - a Young Poisoner's Handbook

   Spells                             Type                      Level
   a - Sting                          Conjuration/Poison           1
   b - Poisonous Vapours              Poison/Air                   2
   c - Mephitic Cloud                 Conjuration/Poison/Air       3
   d - Olgreb's Toxic Radiance        Poison                       4
   e - Venom Bolt                     Conjuration/Poison           5
Comestibles
 b - 8 bread rations
 f - 8 royal jellies
 m - 4 meat rations


   Skills:
 - Level 2.0 Dodging
 - Level 2.6 Stealth
 + Level 11.1 Spellcasting
 + Level 11.1 Conjurations
 + Level 12.0 Fire Magic
 + Level 0.4 Earth Magic
 + Level 6.4 Evocations


You had 4 spell levels left.
You knew the following spells:

 Your Spells              Type           Power        Failure   Level  Hunger
a - Flame Tongue          Conj/Fire      #####        1%          1    None
b - Throw Flame           Conj/Fire      ######       1%          2    None
c - Conjure Flame         Conj/Fire      #######.     1%          3    None
d - Sticky Flame          Conj/Fire      #######.     1%          4    #......
e - Fireball              Conj/Fire      #######...   1%          5    ####...
f - Inner Flame           Hex/Fire       ######..     1%          3    None
g - Mephitic Cloud        Conj/Pois/Air  ####....     1%          3    None
h - Gell's Gravitas       Tloc           ##........   6%          3    None
i - Bolt of Magma         Conj/Fire/Erth #######...   1%          5    ####...


Dungeon Overview and Level Annotations

Branches:
Dungeon (13/15)            Temple (1/1) D:5            Lair (0/6) D:10
    Orc (0/2) D:9
 Vaults: D:13-14

Altars:
Ashenzari
Cheibriados
Dithmenos
Elyvilon
Fedhas
Gozag
Hepliaklqana
Kikubaaqudgha
Makhleb
Nemelex Xobeh
Okawaru
Qazlal
Ru
Sif Muna
Trog
Uskayaw
Vehumet
Xom
Yredelemnul
Zin
The Shining One

Shops:
D:8 =

Portals:
Trove: D:12 (give 11 potions of heal wounds)


Innate Abilities, Weirdness & Mutations

You cannot wear most types of armour.
You are very stealthy in the water. (Stealth+)
You are amphibious.
You can wear up to eight rings at the same time.
You can use your tentacles to constrict eight enemies at once.
Your skin changes colour to match your surroundings (Stealth+).
Your rubbery body absorbs attacks. (AC +1, EV +1)


Message History

Aim: an entropy weaver (lightly wounded)
You feel a strong surge of power!
The flame tongue hits the entropy weaver.
The entropy weaver is moderately wounded.
Casting: Flame Tongue
Confirm with . or Enter, or press ? or * to list all spells.
Aiming: Flame Tongue
Press: ? - help, Shift-Dir - straight line, f/p - entropy weaver
Aim: an entropy weaver (flame, moderately wounded)
You feel a strong surge of power!
The flame tongue hits the entropy weaver.
The entropy weaver is moderately wounded.
The entropy weaver is engulfed in blazing flames.
The entropy weaver hits you. The entropy weaver hits you!
The entropy weaver hits you. x2
The entropy weaver is engulfed in blazing flames.
The entropy weaver hits you!
* * * LOW HITPOINT WARNING * * *
The entropy weaver hits you!
You die...

### ## ###.#### ..#
######....#.###.##
#.@a..(...)......#
#[####.....(.....#
#.# #......<....#
#..................#
#.##......##.........
#..
##....###.....:... #.
##..## ......F.#C #.
#### ........... #
............


You could see an entropy weaver.

Vanquished Creatures
  A death knight (D:13)
  2 two-headed ogres (D:9)
  3 death yaks (D:10)
  An orc knight (D:10)
  Pikel (D:8)
  An ugly thing (D:13)
  A manticore (D:13)
  2 cyclopes
  A kobold demonologist (D:12)
  A guardian mummy (D:12)
  A troll (D:10)
  2 hippogriffs
  A wraith (D:10)
  7 yaks
  A wyvern (D:8)
  2 hungry ghosts
  3 water moccasins
  A soldier ant (D:13)
  A porcupine (D:10)
  An ice beast (D:10)
  6 orc warriors
  3 phantoms
  4 ogres
  3 black bears
  A crocodile (D:10)
  6 bullfrogs
  8 big kobolds
  A wyvern zombie (D:11)
  A water moccasin zombie (D:6)
  4 scorpions
  A wyvern skeleton (D:10)
  A water moccasin skeleton (D:12)
  7 killer bees
  16 wights
  4 howler monkeys
  2 bullfrog zombies
  10 orc priests
  2 gnoll shamans
  5 hounds
  10 orc wizards
  5 bullfrog skeletons
  14 worker ants
  A hound skeleton (D:9)
  A hound zombie (D:5)
  2 worker ant zombies
  10 adders
  7 gnolls
  2 shadow imps
  A white imp (D:13)
  An ooze (D:9)
  An adder zombie (D:5)
  A worm (D:2)
  7 leopard geckos
  48 orcs
  11 bats
  15 giant cockroaches
  3 goblins
  8 hobgoblins
  13 jackals
  20 kobolds
  7 quokkas
  A ball python (D:1)
  2 frilled lizards (D:1)
  A leopard gecko skeleton (D:8)
  A leopard gecko zombie (D:7)
  7 rats
319 creatures vanquished.

Vanquished Creatures (others)
  2 slaves (D:8)
  A hound (D:8)
  A shadow imp (D:8)
4 creatures vanquished.

Grand Total: 323 creatures vanquished

Notes
Turn   | Place    | Note
-------+----------+-------------------------------------------
     0 | D:1      | gobwax the Octopode Fire Elementalist began the quest for the Orb.
     0 | D:1      | Reached XP level 1. HP: 11/11 MP: 3/3
   177 | D:1      | Reached XP level 2. HP: 12/17 MP: 0/5
   732 | D:1      | Reached XP level 3. HP: 21/21 MP: 3/6
  1063 | D:2      | Found a shadowy altar of Dithmenos.
  1301 | D:2      | Learned a level 2 spell: Throw Flame
  1375 | D:2      | Reached skill level 4 in Fire Magic
  1494 | D:2      | Found a sacrificial altar of Ru.
  1513 | D:2      | Reached XP level 4. HP: 27/27 MP: 5/7
  2528 | D:3      | Learned a level 3 spell: Conjure Flame
  2728 | D:3      | Reached XP level 5. HP: 31/31 MP: 7/9
  2830 | D:3      | Found a sparkling altar of Nemelex Xobeh.
  3302 | D:4      | Reached skill level 7 in Fire Magic
  3302 | D:4      | Reached XP level 6. HP: 36/36 MP: 10/15
  3303 | D:4      | Reached skill level 9 in Fire Magic
  3303 | D:4      | Reached XP level 7. HP: 41/41 MP: 10/18
  3309 | D:4      | Learned a level 4 spell: Sticky Flame
  3315 | D:4      | Learned a level 5 spell: Fireball
  3319 | D:4      | Learned a level 3 spell: Inner Flame
  3746 | D:4      | Reached XP level 8. HP: 46/46 MP: 17/20
  4005 | D:5      | Entered Level 5 of the Dungeon
  4368 | D:5      | Found a staircase to the Ecumenical Temple.
  4377 | Temple   | Entered the Ecumenical Temple
  4704 | D:5      | Found a blossoming altar of Fedhas.
  4760 | D:5      | Found a basalt altar of Yredelemnul.
  5581 | D:6      | Found a radiant altar of Vehumet.
  5592 | D:6      | Became a worshipper of Vehumet
  5801 | D:6      | Found a deep blue altar of Sif Muna.
  5819 | D:6      | Identified Sif Muna's Tome of Flight
  5983 | D:7      | Reached XP level 9. HP: 51/51 MP: 0/21
  6975 | D:8      | Reached * piety under Vehumet
  6975 | D:8      | Offered knowledge of Magic Dart by Vehumet.
  7593 | D:8      | Reached skill level 10 in Fire Magic
  8279 | D:8      | Found Oxowkeg's Jewellery Shop.
  8295 | D:8      | Bought an uncursed ring of magical power for 220 gold pieces
  8390 | D:8      | Noticed Pikel
  8396 | D:8      | Killed Pikel
  8396 | D:8      | Reached XP level 10. HP: 56/56 MP: 20/23
  8869 | D:8      | Reached ** piety under Vehumet
  8906 | D:8      | Offered knowledge of Freeze by Vehumet.
  9163 | D:9      | Noticed a two-headed ogre
  9258 | D:9      | Killed a two-headed ogre
  9327 | D:9      | Found a white marble altar of Elyvilon.
  9338 | D:9      | Found a shattered altar of Ashenzari.
  9398 | D:9      | Noticed a two-headed ogre
  9403 | D:9      | Killed a two-headed ogre
  9876 | D:9      | Found a staircase to the Orcish Mines.
  9906 | D:9      | Found a stormy altar of Qazlal.
 10161 | D:9      | Found a bloodstained altar of Trog.
 10304 | D:9      | Offered knowledge of Mephitic Cloud by Vehumet.
 10357 | D:9      | Learned a level 3 spell: Mephitic Cloud
 10412 | D:9      | Reached XP level 11. HP: 61/61 MP: 24/24
 10505 | D:9      | Found a sparkling altar of Nemelex Xobeh.
 10673 | D:9      | Reached *** piety under Vehumet
 10761 | D:8      | Bought an uncursed amulet of magic regeneration for 330 gold pieces
 10830 | D:10     | Entered Level 10 of the Dungeon
 10962 | D:10     | Noticed a death yak
 10980 | D:10     | Killed a death yak
 10980 | D:10     | Reached skill level 11 in Fire Magic
 10985 | D:10     | Noticed a death yak
 10990 | D:10     | Killed a death yak
 10990 | D:10     | Reached skill level 10 in Spellcasting
 10990 | D:10     | Reached skill level 10 in Conjurations
 11036 | D:10     | Noticed a death yak
 11173 | D:10     | Killed a death yak
 11201 | D:10     | Found a staircase to the Lair.
 11211 | D:10     | Learned a level 3 spell: Gell's Gravitas
 11561 | D:10     | Offered knowledge of Throw Icicle by Vehumet.
 11806 | D:10     | Noticed an orc knight
 11825 | D:10     | Killed an orc knight
 12357 | D:11     | Noticed a cyclops
 12369 | D:11     | Killed a cyclops
 12619 | D:11     | Noticed a manticore
 12872 | D:12     | Reached **** piety under Vehumet
 12955 | D:12     | Found a bloodstained altar of Trog.
 13135 | D:12     | Found a portal to a secret trove of treasure.
 13145 | D:12     | Offered knowledge of Bolt of Magma by Vehumet.
 13152 | D:12     | Learned a level 5 spell: Bolt of Magma
 13519 | D:12     | Reached XP level 12. HP: 66/66 MP: 16/26
 13794 | D:13     | Noticed a death knight
 14154 | D:13     | Killed a death knight
 14154 | D:13     | Reached skill level 12 in Fire Magic
 14163 | D:13     | HP: 4/99 [manticore (11)]
 14362 | D:13     | Noticed an entropy weaver
 14367 | D:13     | Slain by an entropy weaver

Skill      XL: |  1  2  3  4  5  6  7  8  9 10 11 12 |
---------------+-------------------------------------+-----
Fire Magic     | 4 7 9 10 11 12 | 12.0
Conjurations   | 2 6 8 9 10 11 | 11.1
Spellcasting   | 6 8 9 10 11 | 11.1
Evocations     | 6 |  6.4
Dodging        | |  2.0
Stealth        | |  2.6
Earth Magic    | |  0.4

Action                   |  1- 3 |  4- 6 |  7- 9 | 10-12 || total
-------------------------+-------+-------+-------+-------++-------
Melee: Unarmed           |    22 |     8 |       |       ||    30
       Constrict         |     5 |     3 |     2 |       ||    10
       Tentacles         |     2 |     2 |       |       ||     4
       Quarterstaff      |       |       |     4 |       ||     4
       Staff             |       |       |     2 |       ||     2
 Cast: Flame Tongue      |    58 |    57 |   101 |   161 ||   377
       Throw Flame       |       |     2 |    74 |   154 ||   230
       Conjure Flame     |       |     1 |    18 |    36 ||    55
       Fireball          |       |       |     9 |    26 ||    35
       Sticky Flame      |       |       |     9 |    33 ||    42
       Inner Flame       |       |       |     4 |     7 ||    11
       Mephitic Cloud    |       |       |       |     6 ||     6
       Bolt of Magma     |       |       |       |     4 ||     4
       Gell's Gravitas   |       |       |       |     1 ||     1
  Use: Potion            |       |     2 |       |     7 ||     9
       Scroll            |       |     1 |    14 |    18 ||    33
 Stab: Distracted        |       |     1 |       |       ||     1
  Eat: Chunk             |     2 |     6 |    13 |    24 ||    45
       Meat ration       |       |       |     1 |       ||     1
Armor: Skin              |     3 |     3 |     1 |    28 ||    35
Dodge: Dodged            |    38 |    31 |    22 |    40 ||   131
